 Dungeon Crawl Stone Soup version 0.21-a0-507-ga8f6b7a (webtiles) character file.

12 kibaces the Chiller (level 2, 0/17 HPs)
             Began as an Octopode Ice Elementalist on Nov 27, 2017.
             Slain by a quasit (1 damage)
             ... on level 1 of the Dungeon.
             The game lasted 00:04:15 (1330 turns).

kibaces the Chiller (Octopode Ice Elementalist)     Turns: 1330, Time: 00:04:16

Health: 0/17       AC:  1    Str:  7      XL:     2   Next: 33%
Magic:  0/5        EV: 13    Int: 17      God:
Gold:   37         SH:  0    Dex:  8 (12) Spells: 2/5 levels left

rFire    . . .     SeeInvis .   (no weapon)
rCold    . . .     Gourm    .   (no shield)
rNeg     . . .     Faith    .   (helmet restricted)
rPois    .         Spirit   .   (no amulet)
rElec    .         Reflect  .   (no ring)
rCorr    .         Harm     .   (no ring)
MR       .....                  (no ring)
Stlth    +++.......             (no ring)
HPRegen  0.05/turn              (no ring)
MPRegen  0.09/turn              (no ring)
                                (no ring)
                                (no ring)

@: no status effects
A: almost no armour, stealthy swim, amphibious, 8 rings, constrict 8, camouflage
1, gelatinous body 1
a: no special abilities


You were on level 1 of the Dungeon.
You were hungry.

You visited 1 branch of the dungeon, and saw 2 of its levels.

You collected 37 gold pieces.

Inventory:

Scrolls
 c - a scroll of amnesia {unknown}
 d - a scroll of enchant weapon {unknown}
Potions
 e - a potion of mutation {unknown}
Books
 a - a book of Frost

   Spells                             Type                      Level
   a - Freeze                         Ice                          1
   b - Throw Frost                    Conjuration/Ice              2
   c - Ozocubu's Armour               Charms/Ice                   3
   d - Throw Icicle                   Conjuration/Ice              4
   e - Summon Ice Beast               Ice/Summoning                4
Comestibles
 b - a bread ration


   Skills:
 + Level 2.0 Dodging
 + Level 2.7 Stealth
 + Level 2.3 Spellcasting
 + Level 1.0 Conjurations
 + Level 3.3 Ice Magic


You had 2 spell levels left.
You knew the following spells:

 Your Spells              Type           Power        Failure   Level  Hunger
a - Freeze                Ice            ##..         4%          1    #......
b - Throw Frost           Conj/Ice       #.....       12%         2    ###....


Dungeon Overview and Level Annotations

Branches:
Dungeon (2/15)

Altars:


Innate Abilities, Weirdness & Mutations

You cannot wear most types of armour.
You are very stealthy in the water. (Stealth+)
You are amphibious.
You can wear up to eight rings at the same time.
You can use your tentacles to constrict eight enemies at once.
Your skin changes colour to match your surroundings (Stealth+).
Your rubbery body absorbs attacks. (AC +1, EV +1)


Message History

You freeze the quasit.
The quasit resists.
The quasit is severely wounded.
The quasit misses you. The quasit closely misses you.
The quasit claws you but does no damage.
The quasit bites you. The quasit claws you.
* * * LOW HITPOINT WARNING * * *
You feel clumsy. The quasit claws you.
* * * LOW HITPOINT WARNING * * *
You feel clumsy.
You see here a hand axe.
The quasit bites you but does no damage.
The quasit claws you.
* * * LOW HITPOINT WARNING * * *
The quasit claws you.
* * * LOW HITPOINT WARNING * * *
The quasit closely misses you. The quasit claws you.
* * * LOW HITPOINT WARNING * * *
The quasit claws you.
You die...

#.........##.#.....#........# #.#
#+#.#.#.#.##.###.#.#........# #.#
....#.#.#.##.# #.#.#....#+### #.#
...(#.#.#.##.# #.#.#....#.#####..
....#.#.#.##.###.#...............
...##.#..........................
#'###.#.>........................
#.# #.#.#.##.###.#.######.##.####
#.###.#.#....###@#.# ###.##.#
...............#5#.####......#
#.#...#.###..#.#.#.#.........#
#'#...........)....+.........#
.....#.......#.#.#.#.........#
.............#.#.#.#.........###
......#.####.#.#.#.#...........#
......#........).#.#...........#
...#.#########.###.#.##........#


You could see a quasit.

Vanquished Creatures
  A leopard gecko (D:1)
  A giant cockroach (D:1)
  4 goblins (D:1)
  A hobgoblin (D:2)
  A bat (D:1)
  A frilled lizard (D:1)
  A rat (D:1)
10 creatures vanquished.

Notes
Turn   | Place    | Note
-------+----------+-------------------------------------------
     0 | D:1      | kibaces the Octopode Ice Elementalist began the quest for the Orb.
     0 | D:1      | Reached XP level 1. HP: 11/11 MP: 3/3
   674 | D:1      | Reached XP level 2. HP: 15/17 MP: 0/5
   792 | D:1      | Learned a level 2 spell: Throw Frost
  1330 | D:1      | Slain by a quasit

Vault maps used:
D:1:      eino_arrival_druids_welcome
D:2:      uniq_natasha

Action                   || total
-------------------------++-------
 Cast: Freeze            ||    11
       Throw Frost       ||     7
  Eat: Chunk             ||     1
Armor: Skin              ||     7
Dodge: Dodged            ||    16

Table legend:
 A = Spawn XP
 B = Non-spawn XP
 C = Spawn XP percentage of total XP
 D = Spawn monster count
 E = Non-spawn monster count
 F = Spawn count percentage of total count
 G = Total turns spent on level
                    A         B        C        D         E        F      G
               +---------+---------+-------+---------+---------+-------+---------
         Total |       0 |      18 |   0.0 |       0 |      10 |   0.0 |  1330
               +---------+---------+-------+---------+---------+-------+---------
           D:1 |       0 |      16 |   0.0 |       0 |       9 |   0.0 |  1300
           D:2 |       0 |       2 |   0.0 |       0 |       1 |   0.0 |    30
               +---------+---------+-------+---------+---------+-------+---------
